 Dungeon Crawl Stone Soup version 0.28.0-53-g5a82cb258f (webtiles) character file.

Game seed: 9157583534533312580

979 safid the Cleaver (level 8, -5/55 (66) HPs)
             Began as a Hill Orc Fighter on Aug 12, 2022.
             Was an Initiate of Beogh.
             Slain by a wight
             ... wielding a +5 battleaxe
              (12 damage)
             ... on level 6 of the Dungeon.
             The game lasted 00:06:18 (6447 turns).

safid the Cleaver (Hill Orc Fighter)                Turns: 6447, Time: 00:06:19

HP:   -5/55 (66)    AC:  9    Str: 19 (21) XL:     8   Next: 17%
MP:   8/8           EV:  9    Int:  7 (8)  God:    Beogh [......]
Gold: 301           SH:  4    Dex:  8 (10) Spells: 7/7 levels left

rFire   . . .      SeeInvis .   a - +0 war axe
rCold   . . .      Faith    .   c - +0 buckler
rNeg    . . .      Spirit   .   b - +0 scale mail
rPois   .          Reflect  .   s - +0 helmet
rElec   .          Harm     .   (no cloak)
rCorr   .          Rampage  .   (no gloves)
Will    .....                   h - +0 pair of boots
Stlth   ..........              (no amulet)
HPRegen 0.18/turn               (no ring)
MPRegen 0.11/turn               (no ring)

@: heavily drained
A: no striking features
a: Renounce Religion


You were on level 6 of the Dungeon.
You worshipped Beogh.
Beogh was noncommittal.
You visited 1 branch of the dungeon, and saw 6 of its levels.

You collected 301 gold pieces.

Inventory:

Hand Weapons
 a - a +0 war axe (weapon)
Missiles
 d - a curare-tipped dart
 k - 23 poisoned darts (quivered)
Armour
 b - a +0 scale mail (worn)
 c - a +0 buckler (worn)
 h - a +0 pair of boots (worn)
 s - a +0 helmet (worn)
Wands
 l - a wand of iceblast (14)
Scrolls
 j - 3 scrolls of vulnerability
 p - 2 scrolls of fear
 r - 2 scrolls of teleportation {unknown}
 t - a scroll of amnesia {unknown}
 v - a scroll of noise {unknown}
Potions
 e - 3 potions of flight
 f - 2 potions of curing {unknown}
 i - a potion of magic {unknown}
 m - 2 potions of brilliance {unknown}
 n - a potion of ambrosia {unknown}
 o - a potion of degeneration
 u - a potion of mutation {unknown}


   Skills:
 - Level 4.0 Fighting
 + Level 11.4 Axes
 - Level 4.0 Armour
 - Level 4.0 Shields


You had 7 spell levels left.
You didn't know any spells.
Your spell library contained the following spells:

 Spells                   Type           Power      Damage    Failure   Level
 Conjure Flame            Conj/Fire      0%         6-21      99%         3
 Ignite Poison            Fire/Tmut/Pois 0%         N/A       99%         3
 Sticky Flame             Conj/Fire      0%         2d3       100%        4


Dungeon Overview and Level Annotations

Branches:
Dungeon (6/15)             Temple (0/1) D:4

Altars:
Dithmenos
Qazlal
Ru
The Shining One

Annotations:
D:6 3 runed translucent doors, Flarelocke's ghost, amateur PaBe


Message History

Unknown command.
You start resting.
HP restored.
You climb downwards.
Level annotation: 3 runed translucent doors, Flarelocke's ghost, amateur PaBe The wight barely misses you.
There is a stone staircase leading up here.
You hit the wight but do no damage. You block the wight's attack.
You closely miss the wight. The wight hits you with a +5 battleaxe!
You feel drained.
You barely miss the wight. The wight hits you with a +5 battleaxe.
You barely miss the wight. The wight hits you with a +5 battleaxe!
You are too injured to fight recklessly!
You are too injured to fight recklessly!
You are too injured to fight recklessly!
You are too injured to fight recklessly!
You are too injured to fight recklessly!
You are too injured to fight recklessly!
You are too injured to fight recklessly!
You are too injured to fight recklessly!
You are too injured to fight recklessly!
You are too injured to fight recklessly!
You are too injured to fight recklessly!
Unknown command.
You barely miss the wight. The wight hits you with a +5 battleaxe!
You feel drained.
* * * LOW HITPOINT WARNING * * *
You hit the wight.
The wight is lightly damaged.
The wight hits you with a +5 battleaxe.
* * * LOW HITPOINT WARNING * * *
You feel drained.
* * * LOW HITPOINT WARNING * * *
You barely miss the wight.
The wight is lightly damaged.
The wight closely misses you.
You slash the wight!
The wight is severely damaged.
The wight hits you with a +5 battleaxe!
You die...

.............####################
.#.#.............................
.#.#.......#.####################
...#.#####.#.######.......#......
##.#.# #.#..........##.##'#####
.....# #.#..####....##.#.......
.#.### #.#...###....##.'.......
.#.# #.#.........#####.......
##.#######.###)#@................
.......[.......z.................
##.#######.###..##.............##
##.........# ##.####....######+#.
....######## #.## #....# #....
###.# #..# #....# #.... #...#
##.# #....# #....
#.##############.#####'######....
...............#.#..........+....


You could see a wight.

Vanquished Creatures
  A phantom (D:6)
  2 kobold brigands (D:6)
  A scorpion (D:6)
  A water moccasin skeleton (D:5)
  A wight (D:5)
  A centaur zombie (D:6)
  A bullfrog zombie (D:5)
  3 jellies
  2 hounds
  An orc priest (D:5)
  4 orc wizards
  4 hound skeletons
  A gnoll (D:5)
  A howler monkey skeleton (D:4)
  10 adders
  A white imp (D:5)
  An ufetubus (D:5)
  An adder skeleton (D:4)
  A worm (D:2)
  3 dart slugs
  13 orcs
  6 ball pythons
  5 endoplasms (D:1)
  2 giant cockroaches
  5 goblins
  8 hobgoblins
  3 jackals (D:1)
  16 kobolds
  5 quokkas
  5 bats
  4 frilled lizards
  6 rats
119 creatures vanquished.

Vanquished Creatures (others)
  An orc (D:5)
  2 plants (D:2)
3 creatures vanquished.

Grand Total: 122 creatures vanquished

Notes
Turn   | Place    | Note
-------+----------+-------------------------------------------
     0 | D:1      | safid the Hill Orc Fighter began the quest for the Orb.
     0 | D:1      | Reached XP level 1. HP: 19/19 MP: 1/1
   253 | D:1      | Reached XP level 2. HP: 27/27 MP: 2/2
   318 | D:1      | Reached skill level 3 in Axes
   436 | D:1      | Found a faded altar of an unknown god.
   699 | D:1      | Reached XP level 3. HP: 31/33 MP: 3/3
  1463 | D:2      | Reached XP level 4. HP: 40/40 MP: 4/4
  1492 | D:2      | Reached skill level 4 in Axes
  1532 | D:2      | Found a sacrificial altar of Ru.
  2158 | D:3      | Reached skill level 5 in Axes
  2158 | D:3      | Reached XP level 5. HP: 18/46 MP: 5/5
  2590 | D:3      | Found a stormy altar of Qazlal.
  2794 | D:4      | Found a staircase to the Ecumenical Temple.
  2903 | D:4      | Reached skill level 6 in Axes
  3164 | D:4      | Found a shadowy altar of Dithmenos.
  3717 | D:4      | Reached skill level 7 in Axes
  3717 | D:4      | Reached XP level 6. HP: 42/52 MP: 6/6
  4150 | D:5      | Entered Level 5 of the Dungeon
  4272 | D:5      | Reached skill level 8 in Axes
  4485 | D:5      | Found a glowing golden altar of the Shining One.
  4493 | D:5      | Reached XP level 7. HP: 57/59 MP: 7/7
  4571 | D:5      | Became a worshipper of Beogh the Brigand
  4684 | D:5      | Reached skill level 9 in Axes
  5247 | D:6      | Found a runed translucent gate.
  5247 | D:6      | Found a runed translucent gate.
  5249 | D:6      | Found a runed translucent gate.
  5250 | D:6      | Noticed Flarelocke's ghost (amateur PaBe)
  5250 | D:6      | Identified the +0 chain mail "Lipn" {rElec rN++ Will+
                  | Int-3}
  5382 | D:6      | Reached skill level 10 in Axes
  5412 | D:6      | HP: 2/59 [kobold brigand/+0 short sword (2)]
  5841 | D:6      | Reached skill level 11 in Axes
  5841 | D:6      | Reached XP level 8. HP: 64/66 MP: 8/8
  6083 | D:6      | HP: 2/59 [wight/+0 morningstar (4)]
  6447 | D:6      | Slain by a wight

Illustrated notes

Levels and vault maps discovered:
D:1:      amcnicky_arrival_feature_with_door, layout_loops_ring,
          shapermc_ecumenical_altar_totnotflames
D:2:      layout_loops_ring, basic_altar, serial_bayou_lagoon_b
D:3:      layout_loops_ring, mainiacjoe_overflow_alcove_2
D:4:      layout_loops_corners, nicolae_dithmenos_shadow_blocks,
          minmay_temple_entry_overgrown
D:5:      layout_loops_ring, mainiacjoe_overflow_concentric_impassable,
          kennysheep_generic_room_2
D:6:      layout_basic, biasface_ghost_orc_armoury

Skill      XL: |  1  2  3  4  5  6  7 |
---------------+----------------------+-----
Axes           | 3 5 7 8 11 | 11.4
Fighting       | 4 |  4.0
Armour         | 4 |  4.0
Shields        | 4 |  4.0

Action                   |  1- 3 |  4- 6 |  7- 9 || total
-------------------------+-------+-------+-------++-------
Melee: War axe           |   114 |   165 |   124 ||   403
Invok: Convert to Beogh  |       |       |     1 ||     1
  Use: Potion            |       |       |     4 ||     4
       Scroll            |       |       |     3 ||     3
Armor: Scale mail        |    51 |    95 |    40 ||   186
Dodge: Dodged            |    78 |    57 |    40 ||   175
Block: Buckler           |    24 |    34 |    26 ||    84
